 Dungeon Crawl Stone Soup version 0.27.1-4-g1640c2035a (webtiles) character file.

Game seed: 8885323921177304977

322 Stomo444 the Skirmisher (level 6, 0/84 HPs)
             Began as a Draconian Monk on Nov 10, 2021.
             Was a Priest of Dithmenos.
             Slain by Pikel (3 damage)
             ... on level 4 of the Dungeon.
             The game lasted 00:04:26 (3979 turns).

Stomo444 the Skirmisher (Draconian Monk)            Turns: 3979, Time: 00:04:26

Health: 0/84       AC: 23    Str: 15    XL:     6   Next: 22%
Magic:  6/6        EV:  2    Int: 11    God:    Dithmenos [***...]
Gold:   197        SH:  0    Dex: 13    Spells: 5/5 levels left

rFire    . . .     SeeInvis .   a - +0 mace
rCold    . . .     Faith    .   (no shield)
rNeg     + + +     Spirit   .   (armour unavailable)
rPois    +         Reflect  .   (helmet currently unavailable)
rElec    .         Harm     .   (cloak currently unavailable)
rCorr    .         Rampage  .   (gloves currently unavailable)
Will     .....     NoTele   +   (boots currently unavailable)
Stlth    ++........             (no amulet)
HPRegen  0.24/turn              (no ring)
MPRegen  0.10/turn              (no ring)

@: mighty, brilliant, tree-form, hasted, wreathed by umbra, very quick
A: stationary, stasis, torment immunity, boosted hp, AC +6, unfitting armour,
(cold-blooded)
a: Renounce Religion, Shadow Step


You were on level 4 of the Dungeon.
You worshipped Dithmenos.
Dithmenos was most pleased with you.
You were a tree.
You visited 1 branch of the dungeon, and saw 4 of its levels.

You collected 197 gold pieces.

Inventory:

Hand Weapons
 a - a +0 mace (weapon)
Armour
 i - a +0 pair of boots (melded)
Scrolls
 c - a scroll of enchant armour {unknown}
 d - 3 scrolls of identify
 e - a scroll of brand weapon {unknown}
 g - a scroll of magic mapping
 j - a scroll of noise {unknown}
 l - a scroll of amnesia {unknown}
 o - a scroll of torment {unknown}
 p - 3 scrolls of vulnerability {unknown}
Potions
 b - a potion of lignification
 f - a potion of flight
 k - a potion of brilliance
 m - a potion of curing {unknown}
 n - a potion of might


   Skills:
 + Level 5.1 Fighting
 + Level 4.6 Maces & Flails
 + Level 4.3 Dodging
 - Level 1.7 Stealth


You had 5 spell levels left.
You didn't know any spells.
Your spell library was empty.

Dungeon Overview and Level Annotations

Branches:
Dungeon (4/15)
 Temple: D:4-7

Altars:
Dithmenos
Kikubaaqudgha
Makhleb
Okawaru
Ru

Annotations:
D:4 Pikel


Innate Abilities, Weirdness & Mutations

You are a tree.
Your roots penetrate the ground, keeping you stationary.
You cannot be teleported.
You are immune to unholy pain and torment.
Your maximum health is greatly increased.
Your equipment is partially melded.
((Your plain brown scales are hard. (AC +6)))
You cannot fit into any form of body armour.
((You are cold-blooded and may be slowed by cold attacks.))


Message History

You hit Pikel but do no damage.
Pikel is moderately wounded.
Pikel hits you with a +1 whip of flaming.
Pikel burns you. Pikel barely misses you.
It was a potion of might.
You feel very mighty all of a sudden.
Pikel hits you with a +1 whip of flaming.
Pikel burns you.
* * * LOW HITPOINT WARNING * * *
You sock Pikel!
Pikel is heavily wounded.
Pikel hits you with a +1 whip of flaming!
* * * LOW HITPOINT WARNING * * *
Pikel burns you.
* * * LOW HITPOINT WARNING * * *
Really quaff the potion of lignification?
Okay, then.
Really quaff the potion of lignification?
You turn into a tree.
Your +0 pair of boots melds into your body.
Your roots penetrate the ground.
Pikel hits you but does no damage.
You closely miss Pikel.
Pikel is heavily wounded.
Pikel hits you with a +1 whip of flaming!
* * * LOW HITPOINT WARNING * * *
Pikel burns you.
* * * LOW HITPOINT WARNING * * *
You barely miss Pikel.
Pikel is heavily wounded.
Pikel hits you but does no damage. x2
You closely miss Pikel.
Pikel is heavily wounded.
Pikel hits you but does no damage.
You barely miss Pikel.
Pikel is heavily wounded.
Pikel hits you but does no damage.
You sock Pikel!
Pikel is severely wounded.
Pikel hits you with a +1 whip of flaming.
You die...

#..#.. ...... ##..#..
.... ##..##.. ....
#..##... .5. # ##..##...
.. #55 .# #..##..#. ...
#5##.## #..# .###
#...###K#...#..#..# .##.
...$...♣......##..##....
.....#..##....#..##...##
... #...###.##..##.#.## .
###.##..#..##....#
###...##..#.)##._..##
##.........#..##....#.
..##..........##..##.....
......(.....#..##..#.....
............##.##..##....


You could see Pikel (fast) and 4 lemures.

Vanquished Creatures
  An ogre (D:3)
  A scorpion (D:2)
  Crazy Yiuf (D:3)
  Natasha (thrice) (D:4)
  An adder (D:2)
  An adder skeleton (D:4)
  2 worms
  A dart slug (D:1)
  5 orcs (D:3)
  7 ball pythons
  6 endoplasms
  3 giant cockroaches
  7 goblins
  4 hobgoblins
  2 quokkas
  9 bats
  A frilled lizard (D:2)
  A kobold (D:1)
  7 rats
63 creatures vanquished.

Notes
Turn   | Place    | Note
-------+----------+-------------------------------------------
     0 | D:1      | Stomo444 the Draconian Monk began the quest for the Orb.
     0 | D:1      | Reached XP level 1. HP: 19/19 MP: 1/1
   528 | D:1      | Reached XP level 2. HP: 24/26 MP: 2/2
   807 | D:1      | Found a faded altar of an unknown god.
   860 | D:1      | Became a worshipper of Dithmenos the Shadowed
   860 | D:1      | Reached * piety under Dithmenos
   860 | D:1      | Reached ** piety under Dithmenos
  1264 | D:2      | Reached *** piety under Dithmenos
  1403 | D:2      | Reached XP level 3. HP: 33/33 MP: 3/3
  1493 | D:2      | You fall into a shaft and drop 1 floor!
  1538 | D:2      | Noticed a scorpion
  1555 | D:2      | Killed a scorpion
  1556 | D:2      | Reached skill level 4 in Fighting
  1556 | D:2      | Reached XP level 4. HP: 21/40 MP: 4/4
  2262 | D:3      | Found a sacrificial altar of Ru.
  2657 | D:3      | Found a burning altar of Makhleb.
  2657 | D:3      | Noticed a cacodemon
  2662 | D:3      | Noticed a ynoxinul
  2662 | D:3      | Noticed a hellwing
  2756 | D:3      | Found a runed translucent door.
  2757 | D:3      | Noticed Crazy Yiuf
  2983 | D:3      | Noticed an ogre
  2999 | D:3      | Killed an ogre
  3000 | D:3      | Reached XP level 5. HP: 31/47 MP: 5/5
  3265 | D:3      | Killed Crazy Yiuf
  3544 | D:4      | Noticed Natasha
  3555 | D:4      | Killed Natasha
  3556 | D:4      | Reached skill level 5 in Fighting
  3561 | D:4      | Reached XP level 6. HP: 44/56 MP: 6/6
  3606 | D:4      | Noticed Natasha
  3613 | D:4      | Killed Natasha
  3618 | D:4      | Noticed Natasha
  3630 | D:4      | Killed Natasha
  3798 | D:4      | Found an iron altar of Okawaru.
  3859 | D:4      | Found an ancient bone altar of Kikubaaqudgha.
  3950 | D:4      | Noticed Pikel
  3975 | D:4      | HP: 3/84 [Pikel (7)]
  3979 | D:4      | Slain by Pikel

Illustrated notes

Levels and vault maps discovered:
D:1:      dpeg_arrival_signposts, layout_basic,
          hellmonk_ecumenical_altar_leap_of_faith, serial_forest,
          infiniplex_forest_lined_corner, infiniplex_forest_clump_curved,
          infiniplex_forest_zigzag_1, infiniplex_forest_clump_double,
          infiniplex_forest_clump_double, infiniplex_forest_clump_cross,
          minmay_misc_feat_tiny, chequers_avenue, minmay_box_of_dots
D:2:      layout_rooms, grunt_ministairs_5
D:3:      layout_loops_ring, mainiacjoe_overflow_paths,
          makhleb_altar_promises_db, serial_bayou_pond_a,
          chequers_serial_rivers_small_b, uniq_crazy_yiuf_cottage
D:4:      layout_cave_pools, mainiacjoe_overflow_catch_the_wave,
          kiku_gazebo_pond_becter, fedhas_altar_fruit_tree,
          minmay_temple_entry_glassed_door, uniq_pikel, uniq_natasha,
          uniq_menkaure

Skill      XL: |  1  2  3  4  5 |
---------------+----------------+-----
Dodging        | 3 4 |  4.3
Fighting       | 4 5 |  5.1
Maces & Flails | 4 |  4.6
Stealth        | |  1.7

Action                   |  1- 3 |  4- 6 || total
-------------------------+-------+-------++-------
Melee: Mace              |    93 |   185 ||   278
       Tailslap          |     8 |    23 ||    31
  Use: Potion            |     1 |     4 ||     5
       Scroll            |       |     2 ||     2
 Stab: Sleeping          |     7 |     8 ||    15
Armor: Skin              |    37 |    46 ||    83
Dodge: Dodged            |    59 |   124 ||   183
